 Dungeon Sprint DCSS version 0.17-a0-1674-g2b13139 (webtiles) character file.

11895 Kidiri the Unseen (level 11, -4/47 HPs)
             Began as a Spriggan Enchanter on Aug 18, 2015.
             Was the Champion of Dithmenos.
             Slain by a tentacle (5 damage)
             ... attached to a kraken
             ... in the Dungeon (Sprint III: "The Ten Rune Challenge").
             The game lasted 00:17:31 (2709 turns).

Kidiri the Unseen (Spriggan Enchanter)              Turns: 2709, Time: 00:17:31

Health: -4/47      AC:  7    Str:  4    XL:     11   Next: 55%
Magic:  6/29       EV: 33    Int: 18    God:    Dithmenos [******]
Gold:   26         SH:  2    Dex: 19    Spells: 11 memorised, 13 levels left

rFire  . . .     SeeInvis +     a - +1 dagger
rCold  . . .     Rnd*Rage +     f - +2 robe {rN+}
rNeg   + . .     SustAt   .     (shield restricted)
rPois  .         Gourm    .     (helmet restricted)
rElec  .         Spirit   .     (no cloak)
rCorr  .         Warding  .     (gloves unavailable)
rMut   .         NoTele   +     (boots unavailable)
MR     +....                    (no amulet)
Stlth  ++++++++..               (no ring)
                                (no ring)

@: very slightly contaminated, wreathed by umbra, repel missiles, very quick,
somewhat resistant to hostile enchantments, extraordinarily stealthy
A: unfitting armour, horns 2, large bone plates 1, see invisible, berserk 1,
herbivore 3, speed 3, shaggy fur 1, slow metabolism 2, spit poison 1, wild magic
1
a: Spit Poison, Shadow Step, Shadow Form, Renounce Religion


You were in the Dungeon.
You worshipped Dithmenos.
Dithmenos was exalted by your worship.
You were full.

You visited 1 branch You collected 26 gold pieces.

Inventory:

Hand weapons
 a - a +1 dagger (weapon)
Armour
 b - a +1 robe
 f - a +2 robe of positive energy (worn)
Scrolls
 m - a scroll of holy word
 o - 3 scrolls of remove curse
 s - a scroll of immolation {unknown}
Potions
 e - a potion of might
 g - a potion of haste
 h - 2 potions of magic
 i - 2 potions of berserk rage
 q - 3 potions of cure mutation
 r - 4 potions of flight
Comestibles
 k - 9 fruits
 p - 26 royal jellies


   Skills:
 + Level 9.2 Short Blades
 * Level 15.8 Dodging
 * Level 17.4 Stealth
 * Level 13.6 Spellcasting
 + Level 5.6 Conjurations
 + Level 10.3 Hexes
 + Level 9.7 Charms
 + Level 5.3 Summonings
 + Level 9.3 Translocations
 + Level 6.6 Ice Magic
 + Level 6.1 Air Magic
 + Level 5.0 Poison Magic
 - Level 3.8 Invocations


You had 13 spell levels left.
You knew the following spells:

 Your Spells              Type           Power        Failure   Level  Hunger
a - Corona                Hex            ######.      1%          1    None
b - Ensorcelled Hibernat  Hex/Ice        ######       2%          2    None
c - Confuse               Hex            ######..     1%          3    None
d - Tukima's Dance        Hex            ######..     1%          3    None
e - Dazzling Spray        Conj/Hex       ######..     3%          3    None
f - Magic Dart            Conj           ####         2%          1    None
g - Slow                  Hex            ######..     1%          2    None
h - Blink                 Tloc           N/A          1%          2    None
i - Call Imp              Summ           #####...     3%          2    None
j - Repel Missiles        Chrm/Air       ######       2%          2    None
k - Mephitic Cloud        Conj/Pois/Air  #####...     4%          3    None


Dungeon Overview and Level Annotations

Branches:
Dungeon (1/1)

Altars:
Cheibriados
Dithmenos
Elyvilon
Fedhas
Gozag
Kikubaaqudgha
Makhleb
Nemelex Xobeh
Okawaru
Qazlal
Ru
Sif Muna
Trog
Vehumet
Xom
Yredelemnul
Zin
The Shining One
Jiyva
Lugonu

Shops:
D (:%


Innate Abilities, Weirdness & Mutations

You are tiny and cannot use many weapons and most armour.
You have supernaturally acute eyesight.
You are a herbivore.
You cover ground extremely quickly.
You need consume almost no food.
You have a pair of horns on your head.
You are partially covered in large bone plates (AC +2, SH +2).
You tend to lose your temper in combat.
You are covered in fur (AC +1).
You can spit weak poison.
Your spells are a little harder to cast, but a little more powerful.


Message History

The tentacle completely misses you.
Unknown command.
The tentacle is no longer blind.
The tentacle completely misses you.
The snapping turtle hisses angrily.
You enter the shallow water.
Moving in this stuff is going to be slow.
The tentacle completely misses you. The tentacle slaps you!
* * * LOW HITPOINT WARNING * * *
The snapping turtle is no longer blind. x2
You block the tentacle's attack.
The snapping turtle completely misses you.
The snapping turtle bites you from afar.
* * * LOW HITPOINT WARNING * * *
Unknown command.
Tentacles burst out of the water!
The tentacle completely misses you. The snapping turtle closely misses you.
You completely miss the tentacle.
The snapping turtle is no longer blind.
The tentacle misses you. The tentacle barely misses you.
The tentacle slaps you.
You die...

▓..**...w§§P§▓
▓≈≈P.....§P§§▓
▓≈≈≈P....P≈w≈▓
▓≈≈≈≈≈..≈≈≈≈≈▓
▓≈≈≈≈≈≈≈≈≈≈≈≈▓
▓≈≈≈≈≈≈≈≈≈≈≈≈▓
▓≈≈≈≈≈≈≈≈≈≈≈≈▓
▓≈w≈≈≈≈≈≈≈≈≈≈▓
▓@wX≈≈≈≈≈≈≈≈≈▓
▓wwt≈≈≈≈≈≈≈≈≈▓
▓t≈≈≈≈≈≈≈≈≈≈≈▓
▓≈≈≈≈t≈≈≈≈≈≈≈▓
▓≈≈≈**t...≈≈≈▓
▓≈≈..∩∩φ∩..≈≈▓
▓▓▓▓▓▓▓▓▓▓▓▓▓▓


You could see a kraken, 4 snapping turtles and 4 tentacles.

Vanquished Creatures
  Maud (D)
  2 hydras (D)
  Erica (D)
  2 alligator snapping turtles (D)
  A centaur warrior (D)
  A death drake (D)
  An unseen horror (D)
  A spriggan druid (D)
  A lindwurm (D)
  2 spiny frogs (D)
  A komodo dragon (D)
  A queen bee (D)
  3 wandering mushrooms (D)
  3 redbacks (D)
  2 spriggans (D)
  A shadow (D)
  A spatial vortex (D)
  A necrophage (D)
  2 centaurs (D)
  An earth elemental (D)
  2 brain worms (D)
  A water elemental (D)
  An electric eel (D)
  32 killer bees (D)
  A jelly (D)
  A necromancer (D)
  A wizard (D)
  A wolf (D)
  A kobold demonologist (D)
  3 humans (D)
  2 oozes (D)
  2 rats (D)
77 creatures vanquished.

Vanquished Creatures (collateral kills)
  A deep elf priest (D)
1 creature vanquished.

Vanquished Creatures (others)
  2 draconian scorchers (D)
  3 yaktaurs (D)
  2 fire drakes (D)
  6 plants (D)
  18 tentacles (D)
  579 tentacle segments (D)
610 creatures vanquished.

Grand Total: 688 creatures vanquished

Notes
Turn   | Place    | Note
--------------------------------------------------------------
     0 | D        | Kidiri the Spriggan Enchanter began the quest for the Orb.
     0 | D        | Reached XP level 1. HP: 9/9 MP: 5/5
     9 | D        | Reached skill level 5 in Stealth
    12 | D        | Reached XP level 2. HP: 10/13 MP: 5/7
    27 | D        | Learned a level 2 spell: Ensorcelled Hibernation
   111 | D        | Noticed a wolf
   119 | D        | Killed a wolf
   119 | D        | Reached skill level 5 in Dodging
   119 | D        | Reached skill level 6 in Stealth
   119 | D        | Reached skill level 1 in Ice Magic
   119 | D        | Reached XP level 3. HP: 16/16 MP: 1/9
   170 | D        | Killed a yaktaur
   179 | D        | Killed a white draconian scorcher
   208 | D        | Killed a white draconian scorcher
   224 | D        | Learned a level 3 spell: Confuse
   249 | D        | Learned a level 3 spell: Tukima's Dance
   538 | D        | Reached skill level 7 in Stealth
   555 | D        | Gained mutation: Your mind is acute. (Int +2) [potion of mutation]
   555 | D        | Gained mutation: You are partially covered in large bone plates (AC +2, SH +2). [potion of mutation]
   555 | D        | Gained mutation: You tend to lose your temper in combat. [potion of mutation]
   556 | D        | Gained mutation: You have a pair of small horns on your head. [potion of mutation]
   556 | D        | Gained mutation: Your spells are a little harder to cast, but a little more powerful. [potion of mutation]
   556 | D        | Gained mutation: You can spit weak poison. [potion of mutation]
   557 | D        | Lost mutation: Your mind is acute. (Int +2) [potion of mutation]
   557 | D        | Gained mutation: You have a pair of horns on your head. [potion of mutation]
   557 | D        | Gained mutation: You are covered in fur (AC +1). [potion of mutation]
   572 | D        | Noticed a water elemental
   575 | D        | Killed a water elemental
   575 | D        | Reached skill level 8 in Stealth
   575 | D        | Reached skill level 5 in Spellcasting
   575 | D        | Reached skill level 5 in Hexes
   575 | D        | Reached XP level 4. HP: 21/21 MP: 10/12
   580 | D        | Learned a level 3 spell: Dazzling Spray
   594 | D        | Noticed a jelly
   595 | D        | Noticed a shadow
   597 | D        | Killed a shadow
   597 | D        | Reached skill level 9 in Stealth
   597 | D        | Reached skill level 1 in Conjurations
   597 | D        | Reached XP level 5. HP: 24/24 MP: 12/15
   601 | D        | Killed a jelly
   601 | D        | Reached skill level 10 in Stealth
   601 | D        | Reached XP level 6. HP: 28/28 MP: 6/17
   674 | D        | Found a stormy altar of Qazlal.
   675 | D        | Found a sacrificial altar of Ru.
   675 | D        | Found a burning altar of Makhleb.
   675 | D        | Found a viscous altar of Jiyva.
   675 | D        | Found a shimmering altar of Xom.
   675 | D        | Found a shadowy altar of Dithmenos.
   675 | D        | Found a sparkling altar of Nemelex Xobeh.
   675 | D        | Found a corrupted altar of Lugonu.
   675 | D        | Found an opulent altar of Gozag.
   675 | D        | Noticed a spatial vortex
   679 | D        | Became a worshipper of Dithmenos the Shadowed
   697 | D        | Upgraded the game from 0.17-a0-1667-g4ca74a1 to 0.17-a0-1674-g2b13139
   818 | D        | Killed a spatial vortex
   818 | D        | Reached skill level 5 in Short Blades
   818 | D        | Reached skill level 11 in Stealth
   899 | D        | Killed a yaktaur
   933 | D        | Killed a yaktaur
   937 | D        | Found a radiant altar of Vehumet.
   937 | D        | Noticed a wizard
   938 | D        | Found a deep blue altar of Sif Muna.
   938 | D        | Found an ancient bone altar of Kikubaaqudgha.
   944 | D        | Killed a wizard
   945 | D        | Reached skill level 10 in Dodging
   947 | D        | Killed a fire drake
   955 | D        | Learned a level 1 spell: Magic Dart
   958 | D        | Learned a level 2 spell: Slow
   961 | D        | Learned a level 2 spell: Blink
   964 | D        | Learned a level 2 spell: Call Imp
   967 | D        | Learned a level 2 spell: Repel Missiles
  1036 | D        | Found a glowing silver altar of Zin.
  1037 | D        | Found a glowing golden altar of the Shining One.
  1037 | D        | Found a white marble altar of Elyvilon.
  1037 | D        | Noticed a deep elf priest
  1048 | D        | Killed a deep elf priest
  1048 | D        | Reached skill level 1 in Charms
  1048 | D        | Reached skill level 1 in Translocations
  1048 | D        | Reached skill level 1 in Invocations
  1048 | D        | Reached XP level 7. HP: 14/32 MP: 7/20
  1229 | D        | Found an iron altar of Okawaru.
  1229 | D        | Found a bloodstained altar of Trog.
  1229 | D        | Noticed a human
  1230 | D        | Noticed a human
  1232 | D        | Killed a human
  1232 | D        | Reached skill level 1 in Summonings
  1232 | D        | Reached skill level 1 in Air Magic
  1233 | D        | Killed a human
  1233 | D        | Acquired Dithmenos's first power
  1233 | D        | Reached skill level 12 in Stealth
  1242 | D        | Learned a level 3 spell: Mephitic Cloud
  1355 | D        | Found a snail-covered altar of Cheibriados.
  1355 | D        | Noticed a necrophage
  1359 | D        | Killed a necromancer
  1362 | D        | Found a basalt altar of Yredelemnul.
  1362 | D        | Found a blossoming altar of Fedhas.
  1366 | D        | Killed a necrophage
  1441 | D        | Noticed Erica
  1444 | D        | Killed Erica
  1444 | D        | Reached skill level 13 in Stealth
  1444 | D        | Reached skill level 10 in Spellcasting
  1444 | D        | Reached XP level 8. HP: 36/36 MP: 21/23
  1462 | D        | Noticed an earth elemental
  1465 | D        | Killed an earth elemental
  1465 | D        | Reached skill level 5 in Translocations
  1473 | D        | Noticed a centaur
  1473 | D        | Noticed a centaur warrior
  1473 | D        | Noticed a centaur
  1477 | D        | Killed a centaur
  1477 | D        | Acquired Dithmenos's second power
  1479 | D        | Killed a centaur warrior
  1479 | D        | Reached skill level 5 in Charms
  1479 | D        | Reached XP level 9. HP: 39/39 MP: 15/24
  1483 | D        | Killed a centaur
  1535 | D        | Noticed an unseen horror
  1537 | D        | Killed an unseen horror
  1537 | D        | Reached skill level 14 in Stealth
  1537 | D        | Reached skill level 5 in Ice Magic
  1537 | D        | Reached skill level 1 in Poison Magic
  1547 | D        | Noticed a killer bee
  1547 | D        | Noticed a killer bee
  1547 | D        | Noticed a killer bee
  1547 | D        | Noticed a killer bee
  1547 | D        | Noticed a killer bee
  1547 | D        | Noticed a killer bee
  1547 | D        | Noticed a killer bee
  1547 | D        | Noticed a killer bee
  1547 | D        | Noticed a killer bee
  1547 | D        | Noticed a queen bee
  1547 | D        | Noticed a killer bee
  1547 | D        | Noticed a killer bee
  1547 | D        | Noticed a killer bee
  1547 | D        | Noticed a killer bee
  1547 | D        | Noticed a killer bee
  1548 | D        | Noticed a killer bee
  1548 | D        | Killed a killer bee
  1548 | D        | Acquired Dithmenos's third power
  1549 | D        | Noticed a killer bee
  1549 | D        | Noticed a killer bee
  1551 | D        | Noticed a killer bee
  1551 | D        | Killed a killer bee
  1553 | D        | Noticed a killer bee
  1553 | D        | Noticed a killer bee
  1553 | D        | Killed a killer bee
  1554 | D        | Noticed a killer bee
  1554 | D        | Noticed a killer bee
  1554 | D        | Noticed a killer bee
  1554 | D        | Killed a killer bee
  1555 | D        | Noticed a killer bee
  1556 | D        | Noticed a killer bee
  1556 | D        | Noticed a killer bee
  1557 | D        | Killed a killer bee
  1559 | D        | Killed a killer bee
  1560 | D        | Noticed a killer bee
  1562 | D        | Noticed a killer bee
  1564 | D        | Noticed a killer bee
  1566 | D        | Noticed a killer bee
  1568 | D        | Noticed a killer bee
  1571 | D        | Noticed a killer bee
  1572 | D        | Killed a killer bee
  1743 | D        | Killed a killer bee
  1743 | D        | Acquired Dithmenos's fourth power
  1749 | D        | Killed a killer bee
  1751 | D        | Killed a killer bee
  1753 | D        | Killed a killer bee
  1755 | D        | Killed a killer bee
  1757 | D        | Killed a killer bee
  1759 | D        | Killed a killer bee
  1761 | D        | Killed a killer bee
  1769 | D        | Killed a killer bee
  1771 | D        | Killed a killer bee
  1783 | D        | Killed a killer bee
  1789 | D        | Killed a killer bee
  1928 | D        | Killed a killer bee
  1930 | D        | Killed a killer bee
  1931 | D        | Killed a killer bee
  1934 | D        | Killed a killer bee
  1934 | D        | Reached XP level 10. HP: 44/44 MP: 17/26
  1936 | D        | Killed a killer bee
  1938 | D        | Killed a killer bee
  1940 | D        | Killed a killer bee
  1942 | D        | Killed a killer bee
  1944 | D        | Killed a killer bee
  1944 | D        | Reached skill level 15 in Stealth
  1947 | D        | Killed a killer bee
  1952 | D        | Killed a killer bee
  1978 | D        | Killed a fire drake
  2083 | D        | Killed a killer bee
  2088 | D        | Killed a killer bee
  2091 | D        | Killed a queen bee
  2209 | D        | Noticed a wandering mushroom
  2210 | D        | Noticed a wandering mushroom
  2210 | D        | Noticed a wandering mushroom
  2214 | D        | Killed a wandering mushroom
  2216 | D        | Killed a wandering mushroom
  2218 | D        | Killed a wandering mushroom
  2289 | D        | Noticed a spiny frog
  2289 | D        | Noticed a komodo dragon
  2289 | D        | Noticed a spiny frog
  2292 | D        | Killed a komodo dragon
  2295 | D        | Killed a spiny frog
  2296 | D        | Killed a spiny frog
  2299 | D        | Noticed a redback
  2301 | D        | Killed a redback
  2302 | D        | Noticed a brain worm
  2306 | D        | Killed a brain worm
  2312 | D        | Noticed a brain worm
  2315 | D        | Killed a brain worm
  2322 | D        | Noticed a lindwurm
  2324 | D        | Noticed a redback
  2325 | D        | Killed a lindwurm
  2325 | D        | Reached skill level 16 in Stealth
  2325 | D        | Reached skill level 5 in Air Magic
  2327 | D        | Killed a redback
  2327 | D        | Reached skill level 5 in Conjurations
  2332 | D        | Noticed a redback
  2333 | D        | Killed a redback
  2334 | D        | Noticed Maud
  2336 | D        | Killed Maud
  2336 | D        | Reached XP level 11. HP: 47/47 MP: 28/28
  2341 | D        | Noticed an electric eel
  2342 | D        | Noticed an eight-headed hydra
  2342 | D        | Noticed a four-headed hydra
  2369 | D        | Killed an eight-headed hydra
  2369 | D        | Reached skill level 15 in Dodging
  2453 | D        | Killed a four-headed hydra
  2474 | D        | Killed an electric eel
  2474 | D        | Reached skill level 10 in Hexes
  2481 | D        | Noticed a death drake
  2484 | D        | Killed a death drake
  2484 | D        | Reached skill level 5 in Summonings
  2510 | D        | Found a blossoming altar of Fedhas.
  2510 | D        | Noticed a spriggan
  2510 | D        | Noticed a spriggan druid
  2510 | D        | Noticed a spriggan
  2512 | D        | Killed a spriggan
  2512 | D        | Reached skill level 17 in Stealth
  2513 | D        | Killed a spriggan
  2514 | D        | Killed a spriggan druid
  2542 | D        | Noticed a kraken
  2688 | D        | Found Alicsod's Food Boutique.
  2688 | D        | Found Ynimmug's Book Shop.
  2688 | D        | Found Sageissi's Antique Weapon Emporium.
  2688 | D        | Noticed a snapping turtle
  2688 | D        | Noticed a snapping turtle
  2688 | D        | Noticed an alligator snapping turtle
  2688 | D        | Noticed a snapping turtle
  2688 | D        | Noticed an alligator snapping turtle
  2692 | D        | Killed an alligator snapping turtle
  2699 | D        | Killed an alligator snapping turtle
  2699 | D        | Reached skill level 5 in Poison Magic
  2700 | D        | Noticed a snapping turtle
  2706 | D        | HP: 1/47 [snapping turtle (4)]
  2709 | D        | Slain by a tentacle

Vault maps used:
D:        dungeon_sprint_mu

Action                   |  1- 3 |  4- 6 |  7- 9 | 10-12 || total
-------------------------+-------+-------+-------+-------++-------
Melee: Dagger            |    16 |    15 |    71 |    39 ||   141
 Cast: Ensorcelled Hiber |     7 |     6 |    20 |    21 ||    54
       Confuse           |     1 |       |     4 |     2 ||     7
       Dazzling Spray    |       |    11 |    10 |     8 ||    29
       Tukima's Dance    |       |     3 |       |       ||     3
       Mephitic Cloud    |       |       |     1 |       ||     1
       Repel Missiles    |       |       |     1 |       ||     1
Invok: Shadow Step       |       |       |       |     6 ||     6
  Use: Potion            |     3 |     2 |       |       ||     5
       Scroll            |     3 |       |       |     1 ||     4
 Stab: Sleeping          |     6 |     2 |    19 |    30 ||    57
       Confused          |       |       |     3 |       ||     3
       Invisible         |       |       |     1 |     1 ||     2
  Eat: Bread ration      |       |       |       |     1 ||     1
